| TOP OF THE 1ST |
|
Montgomery Biscuits batting - Pitching for Akron RubberDucks : LHP Zach Masengill
|
|
Pitching: LHP Zach Masengill
|
|
|
Batting: RHB Adam Turpin
|
0-0: Swinging Strike 0-1: Foul Ball, location: 2F 0-2: Foul Ball, location: 2F 0-2: Strikes out looking
|
|
Batting: RHB Chris Thorson
|
0-0: Ball 1-0: Swinging Strike 1-1: Ball 2-1: Ground out 2-3 (Groundball, 2L, EV 68.8 MPH)
|
|
Batting: SHB Wayne Hattan
|
0-0: Called Strike 0-1: Called Strike 0-2: Ball 1-2: Strikes out swinging
|
| Top of the 1st over - 0 runs, 0 hits, 0 errors, 0 left on base; Montgomery 0 - Akron 0 |
| BOTTOM OF THE 1ST |
|
Akron RubberDucks batting - Pitching for Montgomery Biscuits : RHP Greg Spaulding
|
|
Pitching: RHP Greg Spaulding
|
|
|
Batting: LHB Stu Sornson
|
0-0: Ground out U3 (Groundball, 34S, EV 88.1 MPH)
|
|
Batting: RHB Kenzo Shinoda
|
0-0: Foul Ball, location: 2F 0-1: Ground out 5-3 (Groundball, 5S, EV 86.9 MPH)
|
|
Batting: RHB Tristan Wright
|
0-0: Ball 1-0: Foul Ball, location: 2F 1-1: Ball 2-1: Called Strike 2-2: Strikes out looking
|
| Bottom of the 1st over - 0 runs, 0 hits, 0 errors, 0 left on base; Montgomery 0 - Akron 0 |
| TOP OF THE 2ND |
|
Montgomery Biscuits batting - Pitching for Akron RubberDucks : LHP Zach Masengill
|
|
Batting: RHB Freddy Mullen
|
0-0: Ball 1-0: Ball 2-0: Ball 3-0: Called Strike 3-1: Foul Ball, location: 2F 3-2: Ground out 6-3 (Groundball, 6, EV 83.8 MPH)
|
|
Batting: RHB Jason Penfield
|
0-0: Ball 1-0: Foul Ball, location: 2F 1-1: Ball 2-1: Ball 3-1: Foul Ball, location: 2F 3-2: Foul Ball, location: 2F 3-2: Foul Ball, location: 2F 3-2: Base on Balls
|
|
Batting: RHB Alex Zamora
|
0-0: Called Strike 0-1: Foul Ball, location: 2F 0-2: Strikes out swinging
|
|
Batting: SHB Julio Hernandez
|
0-0: Swinging Strike 0-1: Ball 1-1: SINGLE (Groundball, 6D, EV 102.5 MPH) Jason Penfield to second
|
|
Batting: RHB Isaiah Easter
|
0-0: Ball 1-0: Foul Ball, location: 2F 1-1: Ball 2-1: Ball 3-1: Base on Balls Jason Penfield to third Julio Hernandez to second
|
|
Batting: RHB Khalil Walker
|
0-0: Called Strike 0-1: Ball 1-1: Ball 2-1: Ground out 2-3 (Groundball, 13S, EV 69.4 MPH)
|
| Top of the 2nd over - 0 runs, 1 hit, 0 errors, 3 left on base; Montgomery 0 - Akron 0 |
| BOTTOM OF THE 2ND |
|
Akron RubberDucks batting - Pitching for Montgomery Biscuits : RHP Greg Spaulding
|
|
Batting: LHB Costodio Varino
|
0-0: Foul Ball, location: 2F 0-1: Foul Ball, location: 2F 0-2: Ball 1-2: Ball 2-2: Foul Ball, location: 2F 2-2: Ball 3-2: Strikes out swinging
|
|
Batting: RHB Justin Lauderdale
|
0-0: DOUBLE (Line Drive, 7LD, EV 109.4 MPH)
|
|
Batting: RHB Adam McMillen
|
0-0: Ball 1-0: Ball 2-0: Ball 3-0: Called Strike 3-1: Base on Balls
|
|
Batting: RHB Joeri Plas
|
0-0: Foul Ball, location: 2F 0-1: Ball 1-1: Ball 2-1: Foul Ball, location: 2F 2-2: Foul Ball, location: 2F 2-2: Fielders Choice at 2nd, 4-6 (Groundball, 34, EV 91.2 MPH) Justin Lauderdale to third
|
|
Batting: RHB Chris Diaz
|
0-0: Foul Ball, location: 2F 0-1: Ball 1-1: Ball 2-1: Fly out, F1 (Line Drive, P, EV 63.8 MPH)
|
| Bottom of the 2nd over - 0 runs, 1 hit, 0 errors, 2 left on base; Montgomery 0 - Akron 0 |
| TOP OF THE 3RD |
|
Montgomery Biscuits batting - Pitching for Akron RubberDucks : LHP Zach Masengill
|
|
Batting: RHB Adam Turpin
|
0-0: Called Strike 0-1: Swinging Strike 0-2: Ground out 6-3 (Groundball, 6, EV 91.2 MPH)
|
|
Batting: RHB Chris Thorson
|
0-0: Called Strike 0-1: Ball 1-1: Reached on error, E6 (Groundball, 6, EV 93.1 MPH)
|
|
Batting: SHB Wayne Hattan
|
0-0: Ball 1-0: Ball 2-0: Ball 3-0: Called Strike 3-1: Foul Ball, location: 2F 3-2: SINGLE (Line Drive, 9S, EV 93.8 MPH) Chris Thorson to second Runner from 2nd tries for 3rd, SAFE, throw by RF made to third
|
|
Batting: RHB Freddy Mullen
|
0-0: SINGLE (Groundball, 34D, EV 97.5 MPH) Chris Thorson scores Wayne Hattan to second Runner from 2nd tries for 3rd, SAFE, throw by RF made to third
|
|
Batting: RHB Jason Penfield
|
0-0: Fly out, F4 (Line Drive, 6D, EV 61.2 MPH)
|
|
Batting: RHB Alex Zamora
|
0-0: Called Strike 0-1: Ball 1-1: Foul Ball, location: 2F 1-2: Ball 2-2: Foul Ball, location: 2F 2-2: Strikes out looking
|
| Top of the 3rd over - 1 run, 2 hits, 1 error, 2 left on base; Montgomery 1 - Akron 0 |
| BOTTOM OF THE 3RD |
|
Akron RubberDucks batting - Pitching for Montgomery Biscuits : RHP Greg Spaulding
|
|
Batting: SHB Javon Mitchell
|
0-0: Called Strike 0-1: Foul Ball, location: 2F 0-2: Strikes out swinging
|
|
Batting: LHB Stu Sornson
|
0-0: Swinging Strike 0-1: Swinging Strike 0-2: Ground out U3 (Groundball, 3, EV 82.5 MPH)
|
|
Batting: RHB Kenzo Shinoda
|
0-0: Ball 1-0: SINGLE (Flyball, 9S, EV 88.1 MPH)
|
|
Batting: RHB Tristan Wright
|
0-0: Called Strike 0-1: Swinging Strike 0-2: Foul Ball, location: 2F 0-2: Foul Ball, location: 2F 0-2: SINGLE (Line Drive, 56D, EV 100.0 MPH) Kenzo Shinoda to second
|
|
Batting: LHB Costodio Varino
|
0-0: SINGLE (Flyball, 6MD, EV 85.6 MPH) Kenzo Shinoda to third Tristan Wright to second
|
|
Batting: RHB Justin Lauderdale
|
0-0: Foul Ball, location: 2F 0-1: Ball 1-1: Ball 2-1: SINGLE (Flyball, 4MD, EV 91.2 MPH) Kenzo Shinoda scores Tristan Wright to third Costodio Varino to second
|
|
Batting: RHB Adam McMillen
|
0-0: Ball 1-0: Foul Ball, location: 2F 1-1: Foul Ball, location: 2F 1-2: Fly out, F7 (Flyball, 7LS, EV 77.5 MPH)
|
| Bottom of the 3rd over - 1 run, 4 hits, 0 errors, 3 left on base; Montgomery 1 - Akron 1 |
| TOP OF THE 4TH |
|
Montgomery Biscuits batting - Pitching for Akron RubberDucks : LHP Zach Masengill
|
|
Batting: SHB Julio Hernandez
|
0-0: Ball 1-0: Ball 2-0: Ball 3-0: Called Strike 3-1: SINGLE (Groundball, 6M, EV 99.4 MPH) (infield hit)
|
|
Batting: RHB Isaiah Easter
|
0-0: Ball Julio Hernandez is caught stealing 2nd base 2-4 1-0: Called Strike 1-1: Called Strike 1-2: Foul Ball, location: 2F 1-2: Foul Ball, location: 2F 1-2: Strikes out swinging
|
|
Batting: RHB Khalil Walker
|
0-0: SINGLE (Line Drive, 9LS, EV 91.9 MPH)
|
|
Batting: RHB Adam Turpin
|
0-0: Ball 1-0: Called Strike Khalil Walker steals 2nd base 1-1: Foul Ball, location: 2F 1-2: Foul Ball, location: 2F 1-2: Strikes out swinging
|
| Top of the 4th over - 0 runs, 2 hits, 0 errors, 1 left on base; Montgomery 1 - Akron 1 |
| BOTTOM OF THE 4TH |
|
Akron RubberDucks batting - Pitching for Montgomery Biscuits : RHP Greg Spaulding
|
|
Batting: RHB Joeri Plas
|
0-0: Ball 1-0: Ground out 5-3 (Groundball, 56, EV 82.5 MPH)
|
|
Batting: RHB Chris Diaz
|
0-0: Ball 1-0: DOUBLE (Line Drive, 78D, EV 108.8 MPH)
|
|
Batting: SHB Javon Mitchell
|
0-0: Hit by Pitch
|
|
Batting: LHB Stu Sornson
|
0-0: Ball 1-0: Foul Ball, location: 2F 1-1: Ball 2-1: Foul Ball, location: 2F 2-2: Fly out, F8 (Flyball, 78M, EV 83.8 MPH)
|
|
Batting: RHB Kenzo Shinoda
|
0-0: Ball 1-0: Ground out U3 (Groundball, 3, EV 101.2 MPH)
|
| Bottom of the 4th over - 0 runs, 1 hit, 0 errors, 2 left on base; Montgomery 1 - Akron 1 |
| TOP OF THE 5TH |
|
Montgomery Biscuits batting - Pitching for Akron RubberDucks : LHP Zach Masengill
|
|
Batting: RHB Chris Thorson
|
0-0: Ball 1-0: Ball 2-0: Called Strike 2-1: Ground out 1-3 (Groundball, 25, EV 66.9 MPH)
|
|
Batting: SHB Wayne Hattan
|
0-0: Called Strike 0-1: Foul Ball, location: 2F 0-2: Strikes out swinging
|
|
Batting: RHB Freddy Mullen
|
0-0: Fly out, F8 (Line Drive, 8LD, EV 103.1 MPH)
|
| Top of the 5th over - 0 runs, 0 hits, 0 errors, 0 left on base; Montgomery 1 - Akron 1 |
| BOTTOM OF THE 5TH |
|
Akron RubberDucks batting - Pitching for Montgomery Biscuits : RHP Greg Spaulding
|
|
Batting: RHB Tristan Wright
|
0-0: Fly out, F8 (Flyball, 8LM, EV 88.8 MPH)
|
|
Batting: LHB Costodio Varino
|
0-0: Ball 1-0: Called Strike 1-1: Ball 2-1: Foul Ball, location: 2F 2-2: Ball 3-2: SINGLE (Groundball, 34D, EV 95.6 MPH)
|
|
Batting: RHB Justin Lauderdale
|
0-0: Ball 1-0: Called Strike 1-1: Ball 2-1: Ball 3-1: Base on Balls Costodio Varino to second
|
|
Batting: RHB Adam McMillen
|
0-0: Ball 1-0: Called Strike 1-1: Foul Ball, location: 2F 1-2: Foul Ball, location: 2F 1-2: Fly out, F9 (Line Drive, 89S, EV 93.1 MPH)
|
|
Batting: RHB Joeri Plas
|
0-0: Ball 1-0: Ball 2-0: Ball 3-0: Base on Balls Costodio Varino to third Justin Lauderdale to second
|
|
Batting: RHB Chris Diaz
|
0-0: Called Strike 0-1: Ball 1-1: Swinging Strike 1-2: Strikes out swinging
|
| Bottom of the 5th over - 0 runs, 1 hit, 0 errors, 3 left on base; Montgomery 1 - Akron 1 |
| TOP OF THE 6TH |
|
Montgomery Biscuits batting - Pitching for Akron RubberDucks : LHP Zach Masengill
|
|
Batting: RHB Jason Penfield
|
0-0: Ball 1-0: Ball 2-0: Ground out 1-3 (Groundball, 15S, EV 60.0 MPH)
|
|
Batting: RHB Alex Zamora
|
0-0: Ball 1-0: Called Strike 1-1: Ball 2-1: TRIPLE (Flyball, 9D, EV 93.8 MPH)
|
|
Batting: SHB Julio Hernandez
|
0-0: Called Strike 0-1: Ball 1-1: Fly out, F9 (Flyball, 9, EV 92.5 MPH)
|
|
Batting: RHB Isaiah Easter
|
0-0: Intentional Walk
|
|
Batting: RHB Khalil Walker
|
0-0: Ball 1-0: Ball Isaiah Easter is caught stealing 2nd base 2-4
|
| Top of the 6th over - 0 runs, 1 hit, 0 errors, 1 left on base; Montgomery 1 - Akron 1 |
| BOTTOM OF THE 6TH |
|
Akron RubberDucks batting - Pitching for Montgomery Biscuits : RHP Greg Spaulding
|
|
Batting: SHB Javon Mitchell
|
0-0: Ball 1-0: Ground out 1-3 (Groundball, 13S, EV 65.0 MPH)
|
|
Batting: LHB Stu Sornson
|
0-0: Ball 1-0: Ground out 6-3 (Groundball, 56D, EV 97.5 MPH)
|
|
Batting: RHB Kenzo Shinoda
|
0-0: Foul Ball, location: 2F 0-1: Ball 1-1: Swinging Strike 1-2: Ball 2-2: Foul Ball, location: 2F 2-2: SINGLE (Groundball, 25, EV 71.9 MPH) (infield hit)
|
|
Batting: RHB Tristan Wright
|
0-0: Ball Kenzo Shinoda is caught stealing 2nd base 2-4
|
| Bottom of the 6th over - 0 runs, 1 hit, 0 errors, 0 left on base; Montgomery 1 - Akron 1 |
| TOP OF THE 7TH |
|
Montgomery Biscuits batting - Pitching for Akron RubberDucks : LHP Zach Masengill
|
|
Batting: RHB Khalil Walker
|
0-0: Swinging Strike 0-1: Foul Ball, location: 2F 0-2: Ground out 6-3 (Groundball, P, EV 90.6 MPH)
|
|
Batting: RHB Adam Turpin
|
0-0: Ball 1-0: Swinging Strike 1-1: Swinging Strike 1-2: Ball 2-2: Strikes out looking
|
|
Batting: RHB Chris Thorson
|
0-0: Swinging Strike 0-1: Ball 1-1: Ball 2-1: Ball 3-1: Ground out 6-3 (Groundball, 6, EV 85.0 MPH)
|
| Top of the 7th over - 0 runs, 0 hits, 0 errors, 0 left on base; Montgomery 1 - Akron 1 |
| BOTTOM OF THE 7TH |
|
Akron RubberDucks batting - Pitching for Montgomery Biscuits : RHP Greg Spaulding
|
|
Pitching: RHP Jaime Astacio
|
|
|
Batting: RHB Tristan Wright
|
0-0: Swinging Strike 0-1: Hit by Pitch
|
|
Batting: LHB Costodio Varino
|
0-0: Ball Tristan Wright steals 2nd base 1-0: Called Strike 1-1: Foul Ball, location: 2F 1-2: Strikes out looking
|
|
Pinch Hitting: SHB Dan Morataya
|
0-0: Ball 1-0: Foul Ball, location: 2F 1-1: Ball 2-1: Ground out 5-3 (Groundball, 56, EV 100.6 MPH)
|
|
Batting: RHB Adam McMillen
|
0-0: Ball 1-0: Foul Ball, location: 2F 1-1: SINGLE (Groundball, 56S, EV 65.6 MPH) (infield hit) Tristan Wright to third
|
|
Batting: RHB Joeri Plas
|
0-0: Ball 1-0: Foul Ball, location: 2F 1-1: Fly out, F4 (Line Drive, 4, EV 70.0 MPH)
|
| Bottom of the 7th over - 0 runs, 1 hit, 0 errors, 2 left on base; Montgomery 1 - Akron 1 |
| TOP OF THE 8TH |
|
Montgomery Biscuits batting - Pitching for Akron RubberDucks : LHP Zach Masengill
|
|
Pitching: RHP David Matheney
|
|
|
Now in RF: Dan Morataya
|
|
|
Batting: SHB Wayne Hattan
|
0-0: Called Strike 0-1: Ground out U3 (Groundball, 3L, EV 98.1 MPH)
|
|
Batting: RHB Freddy Mullen
|
0-0: Ball 1-0: Ball 2-0: Called Strike 2-1: Swinging Strike 2-2: Ball 3-2: Base on Balls
|
|
Batting: RHB Jason Penfield
|
0-0: Grounds into double play, 4-6-3 (Groundball, 4M, EV 85.6 MPH)
|
| Top of the 8th over - 0 runs, 0 hits, 0 errors, 0 left on base; Montgomery 1 - Akron 1 |
| BOTTOM OF THE 8TH |
|
Akron RubberDucks batting - Pitching for Montgomery Biscuits : RHP Jaime Astacio
|
|
Pinch Hitting: LHB Nick Welling
|
0-0: Called Strike 0-1: Ball 1-1: Ground out 6-3 (Groundball, 6MD, EV 92.5 MPH)
|
|
Batting: SHB Javon Mitchell
|
0-0: SINGLE (Groundball, 34D, EV 95.0 MPH)
|
|
Batting: LHB Stu Sornson
|
0-0: Ball Javon Mitchell is caught stealing 2nd base 2-6 1-0: Ball 2-0: Swinging Strike 2-1: Ball 3-1: Foul Ball, location: 2F 3-2: Base on Balls
|
|
Pinch Hitting: SHB Jarrod Lindblad
|
0-0: Called Strike 0-1: Ball 1-1: Swinging Strike 1-2: Strikes out swinging
|
| Bottom of the 8th over - 0 runs, 1 hit, 0 errors, 1 left on base; Montgomery 1 - Akron 1 |
| TOP OF THE 9TH |
|
Montgomery Biscuits batting - Pitching for Akron RubberDucks : RHP David Matheney
|
|
Now at 3B: Edwin Dominguez
|
|
|
Now in CF: Jarrod Lindblad
|
|
|
Batting: RHB Alex Zamora
|
0-0: Ball 1-0: Fly out, F7 (Line Drive, 7LM, EV 86.2 MPH)
|
|
Batting: SHB Julio Hernandez
|
0-0: Foul Ball, location: 2F 0-1: Swinging Strike 0-2: Ball 1-2: Ball 2-2: Ball 3-2: Strikes out swinging
|
|
Batting: RHB Isaiah Easter
|
0-0: Called Strike 0-1: Ground out 4-3 (Groundball, 34, EV 88.8 MPH)
|
| Top of the 9th over - 0 runs, 0 hits, 0 errors, 0 left on base; Montgomery 1 - Akron 1 |
| BOTTOM OF THE 9TH |
|
Akron RubberDucks batting - Pitching for Montgomery Biscuits : RHP Jaime Astacio
|
|
Pitching: RHP David Espinosa
|
|
|
Batting: RHB Tristan Wright
|
0-0: Called Strike 0-1: Ball 1-1: Swinging Strike 1-2: Foul Ball, location: 2F 1-2: Ball 2-2: Strikes out swinging
|
|
Batting: LHB Costodio Varino
|
0-0: Foul Ball, location: 2F 0-1: Ball 1-1: Called Strike 1-2: Strikes out swinging
|
|
Batting: SHB Dan Morataya
|
0-0: Ground out 6-3 (Groundball, 6, EV 103.8 MPH)
|
| Bottom of the 9th over - 0 runs, 0 hits, 0 errors, 0 left on base; Montgomery 1 - Akron 1 |
| TOP OF THE 10TH |
|
Montgomery Biscuits batting - Pitching for Akron RubberDucks : RHP David Matheney
|
|
Pitching: RHP Dave Barry
|
|
|
Pinch Hitting: LHB Rich Matthews
|
0-0: Foul Ball, location: 2F 0-1: Ball 1-1: Fly out, F9 (Flyball, 9, EV 81.2 MPH)
|
|
Batting: RHB Adam Turpin
|
0-0: Swinging Strike 0-1: Ball 1-1: Ball 2-1: SINGLE (Groundball, 56, EV 103.8 MPH)
|
|
Batting: RHB Chris Thorson
|
0-0: Sac Bunt to 13 - play at first, batter OUT! 1-3 Adam Turpin to second
|
|
Batting: SHB Wayne Hattan
|
0-0: Intentional Walk
|
|
Batting: RHB Freddy Mullen
|
0-0: Called Strike 0-1: Ball 1-1: Ground out 4-3 (Groundball, 34D, EV 103.8 MPH)
|
| Top of the 10th over - 0 runs, 1 hit, 0 errors, 2 left on base; Montgomery 1 - Akron 1 |
| BOTTOM OF THE 10TH |
|
Akron RubberDucks batting - Pitching for Montgomery Biscuits : RHP David Espinosa
|
|
Pitching: RHP Josh McMahan
|
|
|
Now at SS: Alex Genao
|
|
|
Batting: RHB Adam McMillen
|
0-0: Foul Ball, location: 2F 0-1: Ball 1-1: Called Strike 1-2: Ball 2-2: Strikes out swinging
|
|
Batting: RHB Joeri Plas
|
0-0: Ball 1-0: Ball 2-0: Foul Ball, location: 2F 2-1: Foul Ball, location: 2F 2-2: SINGLE (Groundball, 34D, EV 104.4 MPH)
|
|
Batting: SHB Edwin Dominguez
|
0-0: Called Strike 0-1: Ball 1-1: Foul Ball, location: 2F 1-2: Foul Ball, location: 2F 1-2: Strikes out swinging
|
|
Batting: SHB Javon Mitchell
|
0-0: Ball 1-0: Foul Ball, location: 2F 1-1: Ball 2-1: Foul Ball, location: 2F 2-2: Ground out 5-3 (Groundball, 5, EV 101.2 MPH)
|
| Bottom of the 10th over - 0 runs, 1 hit, 0 errors, 1 left on base; Montgomery 1 - Akron 1 |
| TOP OF THE 11TH |
|
Montgomery Biscuits batting - Pitching for Akron RubberDucks : RHP Dave Barry
|
|
Batting: RHB Jason Penfield
|
0-0: Ball 1-0: Ball 2-0: Ball 3-0: Base on Balls
|
|
Batting: RHB Alex Zamora
|
0-0: Swinging Strike 0-1: Foul Ball, location: 2F 0-2: Foul Ball, location: 2F 0-2: Strikes out swinging
|
|
Batting: SHB Julio Hernandez
|
0-0: Called Strike 0-1: Swinging Strike 0-2: Ball 1-2: Ball 2-2: Ground out 4-3 (Groundball, 13, EV 93.8 MPH) Jason Penfield to second
|
|
Batting: RHB Isaiah Easter
|
0-0: Called Strike 0-1: Foul Ball, location: 2F 0-2: Ball 1-2: Foul Ball, location: 2F 1-2: Fly out, F9 (Flyball, 89S, EV 85.0 MPH)
|
| Top of the 11th over - 0 runs, 0 hits, 0 errors, 1 left on base; Montgomery 1 - Akron 1 |
| BOTTOM OF THE 11TH |
|
Akron RubberDucks batting - Pitching for Montgomery Biscuits : RHP Josh McMahan
|
|
Batting: LHB Stu Sornson
|
0-0: Ball 1-0: Ball 2-0: Foul Ball, location: 2F 2-1: Ground out 4-3 (Groundball, 4, EV 85.0 MPH)
|
|
Batting: SHB Jarrod Lindblad
|
0-0: Foul Ball, location: 2F 0-1: Ball 1-1: Swinging Strike 1-2: Ground out 4-3 (Groundball, 4M, EV 98.1 MPH)
|
|
Batting: RHB Tristan Wright
|
0-0: Ball 1-0: Foul Ball, location: 2F 1-1: Ball 2-1: Foul Ball, location: 2F 2-2: Foul Ball, location: 2F 2-2: Foul Ball, location: 2F 2-2: Foul Ball, location: 2F 2-2: Foul Ball, location: 2F 2-2: Ball 3-2: Base on Balls
|
|
Pitching: RHP Jeremy Price
|
|
|
Batting: LHB Costodio Varino
|
0-0: Called Strike Tristan Wright steals 2nd, throwing error, E2 Tristan Wright to third 0-1: Ball 1-1: Ball 2-1: Called Strike 2-2: Ground out 6-3 (Groundball, 4M, EV 98.1 MPH)
|
| Bottom of the 11th over - 0 runs, 0 hits, 1 error, 1 left on base; Montgomery 1 - Akron 1 |
| TOP OF THE 12TH |
|
Montgomery Biscuits batting - Pitching for Akron RubberDucks : RHP Dave Barry
|
|
Pitching: RHP Victor Barron
|
|
|
Batting: LHB Alex Genao
|
0-0: Foul Ball, location: 2F 0-1: Called Strike 0-2: Strikes out swinging
|
|
Batting: RHB Adam Turpin
|
0-0: Called Strike 0-1: Fly out, F4 (Popup, 3S, EV 73.1 MPH)
|
|
Batting: RHB Chris Thorson
|
0-0: Foul Ball, location: 2F 0-1: Ball 1-1: Swinging Strike 1-2: Ball 2-2: Strikes out swinging
|
| Top of the 12th over - 0 runs, 0 hits, 0 errors, 0 left on base; Montgomery 1 - Akron 1 |
| BOTTOM OF THE 12TH |
|
Akron RubberDucks batting - Pitching for Montgomery Biscuits : RHP Jeremy Price
|
|
Batting: SHB Dan Morataya
|
0-0: Called Strike 0-1: Ground out 4-3 (Groundball, 4, EV 98.8 MPH)
|
|
Batting: RHB Adam McMillen
|
0-0: Called Strike 0-1: Ball 1-1: Called Strike 1-2: Strikes out swinging
|
|
Batting: RHB Joeri Plas
|
0-0: Ball 1-0: Fly out, F8 (Flyball, 8RM, EV 91.2 MPH)
|
| Bottom of the 12th over - 0 runs, 0 hits, 0 errors, 0 left on base; Montgomery 1 - Akron 1 |
| TOP OF THE 13TH |
|
Montgomery Biscuits batting - Pitching for Akron RubberDucks : RHP Victor Barron
|
|
Batting: SHB Wayne Hattan
|
0-0: Called Strike 0-1: Ball 1-1: Ball 2-1: Foul Ball, location: 2F 2-2: SOLO HOME RUN (Line Drive, 89XD, EV 103.1 MPH), Distance : 411 ft
|
|
Batting: RHB Freddy Mullen
|
0-0: Foul Ball, location: 2F 0-1: Foul Ball, location: 2F 0-2: Ball 1-2: Ground out 6-3 (Groundball, 6D, EV 97.5 MPH)
|
|
Batting: RHB Jason Penfield
|
0-0: Foul Ball, location: 2F 0-1: Called Strike 0-2: Ball 1-2: Foul Ball, location: 2F 1-2: Strikes out swinging
|
|
Batting: RHB Alex Zamora
|
0-0: Called Strike 0-1: Ball 1-1: Ground out 4-3 (Groundball, 34D, EV 103.8 MPH)
|
| Top of the 13th over - 1 run, 1 hit, 0 errors, 0 left on base; Montgomery 2 - Akron 1 |
| BOTTOM OF THE 13TH |
|
Akron RubberDucks batting - Pitching for Montgomery Biscuits : RHP Jeremy Price
|
|
Batting: SHB Edwin Dominguez
|
0-0: Ball 1-0: Reached on error, E6 (Groundball, 4M, EV 85.6 MPH)
|
|
Batting: SHB Javon Mitchell
|
0-0: Ball 1-0: Bunted foul 1-1: Sac Bunt to 13S - play at first, batter OUT! 1-3 Edwin Dominguez to second
|
|
Batting: LHB Stu Sornson
|
0-0: Called Strike 0-1: Fly out, F7 (Flyball, 7, EV 93.8 MPH)
|
|
Batting: SHB Jarrod Lindblad
|
0-0: Ball 1-0: Ball 2-0: Ball 3-0: Called Strike 3-1: Foul Ball, location: 2F 3-2: Base on Balls
|
|
Batting: RHB Tristan Wright
|
0-0: Ball 1-0: Ball 2-0: Hit by Pitch Edwin Dominguez to third Jarrod Lindblad to second
|
|
Batting: LHB Costodio Varino
|
0-0: Called Strike 0-1: Ball 1-1: Foul Ball, location: 2F 1-2: Ground out U3 (Groundball, 3, EV 100.0 MPH)
|
| Bottom of the 13th over - 0 runs, 0 hits, 1 error, 3 left on base; Montgomery 2 - Akron 1 |
|